 Dungeon Crawl Stone Soup version 0.21.1-1-g345015f (webtiles) character file.

28198 VLARC the Black Sun (level 13, -1/68 HPs)
             Began as a Vine Stalker Ice Elementalist on Mar 22, 2018.
             Was a High Priest of Kikubaaqudgha.
             Slain by a salamander
             ... wielding a +0 trident
              (4 damage)
             ... in a volcano.
             The game lasted 00:58:46 (18084 turns).

VLARC the Black Sun (VSIE)                         Turns: 18084, Time: 00:58:47

Health: -1/68      AC:  8    Str: 10    XL:     13   Next: 37%
Magic:  0/28       EV: 11    Int: 19    God:    Kikubaaqudgha [*****.]
Gold:   827        SH:  9    Dex: 15    Spells: 10/32 levels left

rFire    + + .     SeeInvis .   j - staff of fire
rCold    + . .     Gourm    .   d - +1 buckler {rC+}
rNeg     + + .     Faith    .   h - +0 leather armour
rPois    .         Spirit   +   s - +0 hat of Lies {rN++ Regen+ Str-2 Slay+5}
rElec    .         Reflect  +   F - +0 cloak
rCorr    .         Harm     .   N - +0 pair of gloves
MR       +....                  a - +2 pair of boots {Fly}
Stlth    ++........             O - +3 amulet of reflection
HPRegen  1.41/turn              S - ring of fire
MPRegen  0.21/turn              x - ring of protection from cold

@: about to teleport, flying
A: fangs 3, regeneration 2, magic shield, antimagic bite, no potion heal 3, rot
immunity
a: Receive Corpses, Torment, Renounce Religion, Stop Flying


You were in a volcano.
You worshipped Kikubaaqudgha.
Kikubaaqudgha was extremely pleased with you.
You were not hungry.

You visited 3 branches of the dungeon, and saw 17 of its levels.
You also visited: Sewer and Volcano.

You collected 827 gold pieces.

Inventory:

Hand Weapons
 o - a +2 flail of holy wrath
 J - a +1 whip of electrocution
Missiles
 c - a throwing net (quivered)
Armour
 a - a +2 pair of boots of flying (worn)
 d - a +1 buckler of cold resistance (worn)
 h - a +0 leather armour (worn)
 s - the +0 hat of Lies (worn) {rN++ Regen+ Str-2 Slay+5}
   (You acquired it on level 9 of the Dungeon)

   It affects your strength (-2).
   It affects your accuracy and damage with ranged weapons and melee attacks
   (+5).
   It greatly protects you from negative energy.
   It increases your rate of regeneration.
 C - a scarf of cloud immunity
 F - a +0 cloak (worn)
 N - a +0 pair of gloves (worn)
Magical Staves
 j - an uncursed staff of fire (weapon)
 K - an uncursed staff of wizardry
Jewellery
 e - an uncursed ring of ice {unknown}
 m - a cursed -2 ring of slaying {unknown}
 p - an uncursed ring of resist corrosion
 x - a ring of protection from cold (right hand)
 O - a +3 amulet of reflection (around neck)
 S - a ring of fire (left hand)
 X - an uncursed ring of magical power {unknown}
Wands
 k - a wand of flame (57)
 q - a wand of polymorph (30)
 u - a wand of digging (13)
 A - a wand of clouds (2)
 B - a wand of random effects (21)
 D - a wand of acid (8)
 U - a wand of disintegration (10)
Scrolls
 l - 6 scrolls of fear
 r - 5 scrolls of teleportation
 v - 2 scrolls of magic mapping
 y - 5 scrolls of enchant weapon
 G - 3 scrolls of remove curse
 L - a scroll of identify
 M - 2 scrolls of enchant armour
 Q - 5 scrolls of amnesia
 T - a scroll of blinking
Potions
 b - a potion of flight
 g - 3 potions of brilliance
 i - 3 potions of agility
 n - 3 potions of lignification
 t - 5 potions of curing
 z - 2 potions of resistance
 E - 2 potions of cancellation
 I - 2 potions of mutation {unknown}
 P - a potion of invisibility {unknown}
 V - 4 potions of might
 W - a potion of magic {unknown}
Books
 w - Kikubaaqudgha's Papyrus of Stolen Souls
   (Kikubaaqudgha gifted it to you in a sewer)

   Spells                             Type                      Level
   a - Pain                           Necromancy                   1
   b - Corpse Rot                     Necromancy                   2
   c - Sublimation of Blood           Necromancy                   2
   d - Regeneration                   Charms/Necromancy            3
 H - a book of Air

   Spells                             Type                      Level
   a - Shock                          Conjuration/Air              1
   b - Swiftness                      Charms/Air                   2
   c - Static Discharge               Conjuration/Air              3
   d - Airstrike                      Air                          4
   e - Lightning Bolt                 Conjuration/Air              5
 R - Kikubaaqudgha's Disquisition on Black Rituals
   (Kikubaaqudgha gifted it to you on level 10 of the Dungeon)

   Spells                             Type                      Level
   a - Animate Dead                   Necromancy                   4
   b - Excruciating Wounds            Charms/Necromancy            5
   c - Agony                          Necromancy                   5
   d - Dispel Undead                  Necromancy                   5
   e - Death Channel                  Necromancy                   6
Comestibles
 f - 20 rations


   Skills:
 + Level 8.0 Fighting
 - Level 1.5 Dodging
 - Level 2.4 Stealth
 - Level 4.3 Shields
 - Level 10.1 Spellcasting
   Level 1.0 Conjurations
 - Level 10.0 Summonings
 - Level 10.8 Necromancy
 - Level 10.2 Ice Magic


You had 10 spell levels left.
You knew the following spells:

 Your Spells              Type           Power        Failure   Level  Hunger
a - Freeze                Ice            ####         1%          1    None
b - Ozocubu's Armour      Chrm/Ice       ####....     3%          3    None
c - Summon Ice Beast      Ice/Summ       #####...     1%          4    ##.....
d - Dispel Undead         Necr           ######..     3%          5    #####..
e - Animate Dead          Necr           N/A          1%          4    ##.....
f - Agony                 Necr           ######..     3%          5    #####..


Dungeon Overview and Level Annotations

Branches:
Dungeon (10/15)            Temple (1/1) D:4            Lair (6/6) D:10
  Swamp (0/4) Lair:3       Spider (0/4) Lair:3        Slime (0/5) Lair:6
    Orc (0/2) D:9

Altars:
Cheibriados
Dithmenos
Elyvilon
Fedhas
Gozag
Hepliaklqana
Kikubaaqudgha
Makhleb
Sif Muna
Uskayaw
Vehumet
Wu Jian
The Shining One

Shops:
D:9 (

Annotations:
Lair:2 exclusion: 2 oklob plants


Innate Abilities, Weirdness & Mutations

You have razor-sharp teeth.
You heal very quickly.
When hurt, damage is shared between your health and your magic reserves.
Your bite disrupts and absorbs the magic of your enemies.
Potions cannot restore your health.
You are immune to rotting.


Message History

The salamander is no longer moving quickly.
The salamander hits your salamander zombie with a trident!
Your salamander zombie is engulfed in flames!
What are your orders? t - Shout!
Orders for allies: a - Attack new target. p - Attack previous target. r - Retreat! s - Stop attacking. g - Guard the area. f - Follow me.
Anything else - Cancel.
Gang up on whom?
Press: ? - help, Dir - move target cursor, f/p - salamander
Aim: a salamander, wielding a trident (heavily wounded) Attack!
Your salamander zombie hits the salamander.
You reach down and open the door.
The salamander hits you from afar with a trident!
* * * LOW HITPOINT WARNING * * *
You are engulfed in flames.
You resist.
You die...
Kikubaaqudgha rasps: "You have failed me!
Welcome... death!"

.8_8. ... #'# ≈≈≈≈≈≈.
#N# ≈≈≈≈§≈≈.# #.#
≈≈≈≈≈≈≈.# #N# §§≈≈≈§≈.#
#N# §≈§≈§≈≈.# #Z#
§≈≈≈≈≈≈.# #@#
§≈≈≈≈≈≈.########'#####
§≈≈≈§≈≈≈.......§........
§§≈≈§≈≈.≈≈≈≈≈§§S§§≈§≈≈≈§
§≈≈§§..≈§§§§≈≈§§§§≈≈≈≈≈≈
§§§§.≈≈§≈≈§§≈§§§≈§§§§≈§≈
§§§≈≈§≈≈≈§≈≈≈§§≈≈§S≈≈§≈≈
§§§§≈§≈≈§§≈§§≈≈§§§≈≈≈≈≈§
§§§≈≈§§§≈≈§..≈≈§§≈≈≈§≈§≈


You could see 3 salamanders, a lava snake (wandering) and a friendly salamander
zombie.

Vanquished Creatures
  The ghost of Solrac the Basher, a novice FoFi of the Shining One (D:4)
  A death yak (Lair:6)
  Pikel (D:7)
  An ugly thing (D:8)
  2 black mambas
  An elephant (Lair:3)
  A torpor snail (Lair:6)
  2 spiny frogs
  2 komodo dragons
  A queen bee (Lair:3)
  7 blink frogs
  5 hippogriffs
  A spriggan (D:10)
  Eustachio (D:5)
  9 yaks
  2 basilisks
  A hungry ghost (D:8)
  A steam dragon (Lair:5)
  A soldier ant (D:9)
  9 water moccasins
  3 orc warriors
  3 porcupines
  3 black bears
  An ice beast (D:8)
  An eye of draining (D:9)
  2 slaves (D:7)
  5 ogres
  2 wolves
  A centaur (D:9)
  4 crocodiles
  5 big kobolds
  12 bullfrogs
  A gnoll sergeant (D:7)
  2 scorpions
  12 killer bees
  4 wights (D:8)
  4 howler monkeys
  6 electric eels
  3 lava snakes (Volcano)
  3 crimson imps
  4 hounds
  3 orc priests
  A jelly (D:9)
  2 centaur skeletons
  4 orc wizards
  2 iguanas
  10 worker ants
  9 gnolls
  11 adders
  6 river rats
  6 oozes
  An adder skeleton (D:10)
  13 worms
  2 dart slugs (D:2)
  5 leopard geckos
  14 orcs
  8 ball pythons
  3 giant cockroaches
  7 goblins
  13 hobgoblins
  12 jackals
  8 quokkas
  4 bats
  4 frilled lizards
  10 kobolds
  A leopard gecko zombie (D:8)
  10 rats
  A bush (Lair:3)
301 creatures vanquished.

Vanquished Creatures (collateral kills)
  Kirke (Lair:3)
  5 hydras
  6 two-headed ogres
  A death yak (Lair:6)
  The ghost of vatarom the Covert, a journeyman FeBe of Trog (Lair:6)
  A salamander mystic (Volcano)
  An unseen horror (D:10)
  An elephant (Lair:3)
  6 spiny frogs
  The ghost of Redear the Changer, a novice DrTm (D:9)
  3 komodo dragons
  A tyrant leech (Lair:3)
  9 blink frogs
  7 dream sheep (Lair:5)
  3 hippogriffs
  15 yaks
  2 wyverns (Lair:3)
  5 hogs
  A basilisk (Lair:3)
  A fire bat (Volcano)
  A swamp worm (Lair:3)
  3 water moccasins
  A black bear (D:9)
  2 orc warriors
  An ogre (D:9)
  3 wolves (Lair:2)
  4 crocodiles
  5 bullfrogs
  20 killer bees
  A howler monkey (D:9)
  A hound (D:9)
  2 orc priests
  An orc wizard (D:10)
  A hell rat (Lair:3)
  A worker ant (Lair:3)
  A river rat (Lair:3)
  A worm (Lair:3)
  An orc (D:10)
  3 kobolds (D:9)
  4 fungi
  3 plants
131 creatures vanquished.

Vanquished Creatures (others)
  A worker ant (D:7)
  3 fungi
4 creatures vanquished.

Grand Total: 436 creatures vanquished

Notes
Turn   | Place    | Note
-------+----------+-------------------------------------------
     0 | D:1      | VLARC the Vine Stalker Ice Elementalist began the quest for the Orb.
     0 | D:1      | Reached XP level 1. HP: 9/9 MP: 4/4
   100 | D:1      | Reached XP level 2. HP: 11/13 MP: 4/6
   749 | D:1      | Reached XP level 3. HP: 11/16 MP: 1/7
  1502 | D:2      | Reached skill level 5 in Ice Magic
  1502 | D:2      | Gained mutation: Your natural rate of healing is unusually fast. [Vine Stalker growth]
  1502 | D:2      | Reached XP level 4. HP: 11/21 MP: 0/8
  1576 | D:2      | Found a faded altar of an unknown god.
  1804 | D:2      | Learned a level 3 spell: Ozocubu's Armour
  1972 | D:2      | Reached XP level 5. HP: 21/24 MP: 3/9
  2206 | D:3      | Found a deep blue altar of Sif Muna.
  2317 | D:3      | Learned a level 4 spell: Summon Ice Beast
  2683 | D:4      | Found a blossoming altar of Fedhas.
  2802 | D:4      | Reached XP level 6. HP: 18/28 MP: 4/10
  2923 | D:4      | Found a hide-covered altar of Uskayaw.
  2923 | D:4      | Found a snail-covered altar of Cheibriados.
  2943 | D:4      | Found a staircase to the Ecumenical Temple.
  2955 | Temple   | Entered the Ecumenical Temple
  2959 | Temple   | Became a worshipper of Kikubaaqudgha
  3186 | D:4      | Noticed Solrac's ghost (novice FoFi)
  3212 | D:5      | Entered Level 5 of the Dungeon
  3212 | D:5      | Found a glowing drain.
  3236 | D:5      | Reached skill level 1 in Shields
  3236 | D:5      | Reached XP level 7. HP: 29/32 MP: 2/11
  3239 | Sewer    | Entered a sewer
  3835 | Sewer    | Reached * piety under Kikubaaqudgha
  3835 | Sewer    | Identified Kikubaaqudgha's Papyrus of Stolen Souls (Kikubaaqudgha gifted it to you in a sewer)
  3835 | Sewer    | Received a gift from Kikubaaqudgha
  4249 | D:5      | Reached skill level 1 in Summonings
  4249 | D:5      | Gained mutation: You have razor-sharp teeth. [Vine Stalker growth]
  4249 | D:5      | Reached XP level 8. HP: 20/36 MP: 6/12
  4329 | D:5      | Noticed Eustachio
  4339 | D:5      | Killed Eustachio
  4474 | D:5      | Reached skill level 5 in Summonings
  4487 | D:5      | Found a shadowy altar of Dithmenos.
  4629 | D:5      | Found a radiant altar of Vehumet.
  5392 | D:6      | Found a glowing golden altar of the Shining One.
  5623 | D:7      | Noticed a hippogriff
  5645 | D:7      | Killed a hippogriff
  5770 | D:7      | Reached XP level 9. HP: 39/39 MP: 6/13
  5903 | D:6      | Found a white marble altar of Elyvilon.
  6026 | D:6      | Got a jewelled quarterstaff
  6027 | D:6      | Identified the cursed +2 quarterstaff of the Manifold Souls {freeze, Str+3 Int+2} (You found it on level 6 of the Dungeon)
  6388 | D:7      | Noticed Pikel
  6487 | D:7      | Killed Pikel
  6815 | D:8      | Noticed a purple ugly thing
  6864 | D:8      | Noticed a two-headed ogre
  6889 | D:8      | Killed a two-headed ogre
  7065 | D:8      | Killed a purple ugly thing
  7133 | D:8      | Reached XP level 10. HP: 35/44 MP: 10/14
  7139 | D:8      | Reached skill level 10 in Summonings
  7165 | D:8      | Found a transporter.
  7183 | D:8      | Found a transporter.
  7194 | D:8      | Reached ** piety under Kikubaaqudgha
  7403 | D:8      | Got a pair of blackened boots
  7418 | D:8      | Identified the +0 pair of boots of the Turtle {rC+ Str+3} (You found it on level 8 of the Dungeon)
  7633 | D:8      | Noticed a two-headed ogre
  7776 | D:8      | Identified the cursed +0 robe of Impatience {rN+ Str-5 Stlth+} (You found it on level 8 of the Dungeon)
  8002 | D:8      | Noticed a two-headed ogre
  8250 | D:8      | Killed a two-headed ogre
  8250 | D:8      | Reached skill level 10 in Ice Magic
  8501 | D:9      | Reached skill level 1 in Fighting
  8602 | D:9      | Found a staircase to the Orcish Mines.
  8626 | D:9      | Found Jarebluc's Antique Weapon Shop.
  8725 | D:9      | Identified a scroll of acquirement
  8728 | D:9      | Got an encrusted hat
  8778 | D:9      | Identified the +0 hat of Lies {rN++ Regen+ Str-2 Slay+5} (You acquired it on level 9 of the Dungeon)
  8852 | D:9      | Noticed Redear's ghost (novice DrTm)
  9079 | D:9      | Killed Redear's ghost
  9208 | D:10     | Entered Level 10 of the Dungeon
  9347 | D:10     | Found a staircase to the Lair.
  9494 | D:10     | Noticed a two-headed ogre
  9759 | D:10     | Reached skill level 5 in Fighting
  9802 | D:10     | Killed a two-headed ogre
  9887 | D:10     | Noticed a two-headed ogre
  9891 | D:10     | Reached *** piety under Kikubaaqudgha
  9891 | D:10     | Identified Kikubaaqudgha's Disquisition on Black Rituals (Kikubaaqudgha gifted it to you on level 10 of the Dungeon)
  9891 | D:10     | Received a gift from Kikubaaqudgha
  9910 | D:10     | Killed a two-headed ogre
  9910 | D:10     | Reached XP level 11. HP: 56/56 MP: 3/15
 10067 | D:8      | Killed a two-headed ogre
 10690 | D:4      | Learned a level 5 spell: Dispel Undead
 10888 | Lair:1   | Entered Level 1 of the Lair of Beasts
 10902 | D:10     | HP: 1/57 [crocodile (16)]
 11055 | D:10     | Reached skill level 1 in Necromancy
 11112 | D:10     | Noticed a two-headed ogre
 11124 | D:10     | Killed a two-headed ogre
 11321 | D:10     | Killed an unseen horror
 11487 | D:10     | Found a deep blue altar of Sif Muna.
 11860 | Lair:1   | Reached skill level 5 in Necromancy
 12060 | Lair:1   | HP: 1/57 [black mamba (8)]
 12276 | Lair:1   | Reached **** piety under Kikubaaqudgha
 12820 | Lair:2   | Learned a level 4 spell: Animate Dead
 13203 | Lair:2   | Noticed an oklob plant
 13204 | Lair:2   | Noticed an oklob plant
 13647 | Lair:3   | Gained mutation: You heal very quickly. [Vine Stalker growth]
 13647 | Lair:3   | Reached XP level 12. HP: 54/62 MP: 1/19
 13788 | Lair:3   | Noticed a six-headed hydra
 13794 | Lair:3   | Killed a six-headed hydra
 13794 | Lair:3   | Reached skill level 10 in Necromancy
 13903 | Lair:3   | Reached ***** piety under Kikubaaqudgha
 14005 | Lair:3   | Reached skill level 5 in Spellcasting
 14145 | Lair:3   | Found a staircase to the Swamp.
 14336 | Lair:3   | Found a hole to the Spider Nest.
 14704 | Lair:3   | Noticed an eight-headed hydra
 14731 | Lair:3   | Killed an eight-headed hydra
 15137 | D:4      | Killed Solrac's ghost
 15387 | Lair:4   | Noticed a seven-headed hydra
 15394 | Lair:4   | Killed a seven-headed hydra
 15554 | Lair:4   | Noticed a sphinx
 15827 | Lair:4   | Noticed Kirke
 15834 | Lair:3   | Killed Kirke
 15834 | Lair:3   | Reached XP level 13. HP: 60/65 MP: 7/27
 15841 | Lair:3   | Learned a level 5 spell: Agony
 16170 | Lair:4   | Reached skill level 10 in Spellcasting
 17512 | Lair:6   | Entered Level 6 of the Lair of Beasts
 17601 | Lair:6   | Found a dark tunnel.
 17608 | Lair:6   | Noticed vatarom's ghost (journeyman FeBe)
 17622 | Lair:6   | Killed vatarom's ghost
 17663 | Volcano  | Entered a volcano
 18045 | Volcano  | Found a radiant altar of Vehumet.
 18078 | Volcano  | HP: 3/68 [salamander/halberd (2)]
 18084 | Volcano  | HP: 3/68 [salamander/trident (8)]
 18084 | Volcano  | Slain by a salamander

Skill      XL: |  1  2  3  4  5  6  7  8  9 10 11 12 13 |
---------------+----------------------------------------+-----
Ice Magic      | 4 5 6 7 8 10 | 10.2
Shields        | 1 4 |  4.3
Summonings     | 1 7 9 10 | 10.0
Fighting       | 6 8 |  8.0
Spellcasting   | 4 9 10 | 10.1
Necromancy     | 8 10 | 10.8
Dodging        | |  1.5
Stealth        | |  2.4
Conjurations   | |  1.0

Action                   |  1- 3 |  4- 6 |  7- 9 | 10-12 | 13-15 || total
-------------------------+-------+-------+-------+-------+-------++-------
Melee: Mace              |    45 |    10 |       |       |       ||    55
       Bite              |    11 |    13 |    47 |   120 |    20 ||   211
       Flail             |       |    69 |   190 |    13 |       ||   272
       Whip              |       |       |    23 |   475 |    64 ||   562
 Cast: Freeze            |    40 |    64 |    85 |    17 |     9 ||   215
       Ozocubu's Armour  |       |     1 |    13 |    40 |     5 ||    59
       Summon Ice Beast  |       |       |     7 |    90 |    32 ||   129
       Animate Dead      |       |       |       |    34 |    11 ||    45
       Dispel Undead     |       |       |       |     4 |     1 ||     5
Invok: Receive Corpses   |       |       |       |       |     2 ||     2
Evoke: Wand              |       |       |     2 |    18 |     6 ||    26
  Use: Scroll            |     4 |     6 |     8 |    21 |     2 ||    41
       Potion            |       |       |       |     1 |       ||     1
 Stab: Sleeping          |     6 |     2 |     6 |     5 |     1 ||    20
       Distracted        |       |       |       |     4 |     1 ||     5
       Confused          |       |       |       |     1 |       ||     1
  Eat: Chunk             |     2 |     7 |    17 |    36 |     9 ||    71
       Ration            |       |       |       |     6 |     1 ||     7
Armor: Leather armour    |    25 |    34 |    88 |   171 |    32 ||   350
Dodge: Dodged            |    41 |    55 |   156 |   262 |    34 ||   548
Block: Buckler           |     8 |    25 |    90 |   247 |    41 ||   411
       Reflection        |       |       |       |     1 |     3 ||     4
